 Dungeon Crawl Stone Soup version 0.25-a0-341-g6f074c887a (webtiles) character file.

Game seed: 1227667572361430436, levelgen mode: deterministic

1904 pk666 the Thaumaturge (level 8, -2/41 HPs)
             Began as a Deep Elf Wizard on Dec 30, 2019.
             Was an Initiate of Vehumet.
             Slain by a sky beast (6 damage)
             ... on level 6 of the Dungeon.
             The game lasted 00:16:18 (10127 turns).

pk666 the Thaumaturge (Deep Elf Wizard)            Turns: 10127, Time: 00:16:19

Health: -2/41      AC:  3    Str:  4    XL:     8   Next: 94%
Magic:  16/23      EV: 13    Int: 26    God:    Vehumet [......]
Gold:   410        SH:  0    Dex: 15    Spells: 14/25 levels left

rFire    . . .     SeeInvis .   E - +2 dagger (elec)
rCold    . . .     Gourm    .   (no shield)
rNeg     . . .     Faith    .   C - +0 robe "Uchaxt Xeos" {Dex+2}
rPois    .         Spirit   .   b - +0 hat
rElec    .         Reflect  .   c - scarf {cloud immunity}
rCorr    .         Harm     .   (no gloves)
MR       .....                  p - +0 pair of boots
Stlth    ++........             q - amulet of the acrobat
HPRegen  0.13/turn              h - ring of wizardry
MPRegen  0.18/turn              (no ring)

@: no status effects
A: no striking features
a: Renounce Religion


You were on level 6 of the Dungeon.
You worshipped Vehumet.
Vehumet was noncommittal.
You were very hungry.

You visited 2 branches of the dungeon, and saw 7 of its levels.
You also visited: Sewer.

You collected 410 gold pieces.

Inventory:

Hand Weapons
 E - a +2 dagger of electrocution (weapon)
Armour
 b - a +0 hat (worn)
 c - a scarf of cloud immunity (worn)
 p - a +0 pair of boots (worn)
 s - a +1 cloak
 C - the +0 robe "Uchaxt Xeos" (worn) {Dex+2}
   (You found it on level 4 of the Dungeon)

   It affects your dexterity (+2).
Jewellery
 h - a ring of wizardry (left hand)
 j - an uncursed amulet of guardian spirit {unknown}
 q - an amulet of the acrobat (around neck)
Wands
 w - a wand of iceblast (15)
 x - a wand of random effects (14)
 B - a wand of flame (14)
 F - a wand of polymorph (4)
Scrolls
 f - 6 scrolls of teleportation
 g - 6 scrolls of remove curse
 i - 2 scrolls of magic mapping {unknown}
 m - a scroll of noise {unknown}
 t - 2 scrolls of fog {unknown}
 y - a scroll of immolation {unknown}
 z - 2 scrolls of amnesia {unknown}
Potions
 a - a potion of magic {unknown}
 e - 2 potions of haste {unknown}
 k - 2 potions of might {unknown}
 l - 2 potions of lignification {unknown}
 n - a potion of ambrosia {unknown}
 o - 4 potions of mutation {unknown}
 r - 6 potions of curing
 u - 4 potions of agility
 v - 2 potions of invisibility {unknown}
 A - 6 potions of flight
 D - 4 potions of heal wounds
Comestibles
 d - 8 rations


   Skills:
 - Level 3.2 Dodging
 - Level 2.4 Stealth
 + Level 9.3 Spellcasting
 + Level 7.0 Conjurations
 - Level 2.0 Summonings
 - Level 1.1 Translocations
 + Level 6.5 Fire Magic
 - Level 2.0 Air Magic
 - Level 2.0 Poison Magic


You had 14 spell levels left.
You knew the following spells:

 Your Spells              Type           Power        Failure   Level  Hunger
a - Magic Dart            Conj           ####         1%          1    None
b - Blink                 Tloc           N/A          1%          2    None
c - Conjure Flame         Conj/Fire      #####...     1%          3    None
d - Mephitic Cloud        Conj/Pois/Air  ####....     1%          3    None
e - Call Imp              Summ           ###.....     1%          2    None

Your spell library contained the following spells:

 Spells                   Type           Power        Failure   Level  Hunger
 Confusing Touch          Hex            ##....       1%          1    None
 Slow                     Hex            ##......     3%          2    None
 Gell's Gravitas          Tloc           ###.......   4%          3    None
 Confuse                  Hex            ##......     6%          3    None
 Petrify                  Tmut/Erth      ##......     19%         4    #......
 Metabolic Englaciation   Hex/Ice        ##........   45%         5    ####...
 Yara's Violent Unravell  Hex/Tmut       ##........   45%         5    ####...


Dungeon Overview and Level Annotations

Branches:
Dungeon (6/15)             Temple (1/1) D:5           Sewer (visited)

Altars:
Ashenzari
Dithmenos
Elyvilon
Fedhas
Gozag
Hepliaklqana
Kikubaaqudgha
Makhleb
Nemelex Xobeh
Okawaru
Qazlal
Ru
Sif Muna
Trog
Uskayaw
Vehumet
Wu Jian
Yredelemnul
Zin
The Shining One


Message History

Confirm with . or Enter, or press ? or * to list all spells.
Aiming: Magic Dart (safe; 1% risk of failure)
Press: ? - help, Shift-Dir - straight line The magic dart hits something.
Something hits you.
* * * LOW HITPOINT WARNING * * *
Something shocks you.
* * * LOW HITPOINT WARNING * * *
Casting: Magic Dart (safe; 1% risk of failure)
Confirm with . or Enter, or press ? or * to list all spells.
Aiming: Magic Dart (safe; 1% risk of failure)
Press: ? - help, Shift-Dir - straight line The magic dart hits something.
Something hits you but does no damage.
Casting: Magic Dart (safe; 1% risk of failure)
Confirm with . or Enter, or press ? or * to list all spells.
Aiming: Magic Dart (safe; 1% risk of failure)
Press: ? - help, Shift-Dir - straight line The magic dart hits something.
Something hits you.
* * * LOW HITPOINT WARNING * * *
Something shocks you.
You die...

#..#...#
#########..####
##.....## ....#
##....) #.....##
....# ######
#.....# ....#
#.....# {...#
#..#..## ....##
###
##.##..###.....#
#.. #..#...#{.#
### ##.##..@.##
##.###...# #.##
##### ###### ##
#.#
########....####.
#.##
#...........<....
##.##
#).######....#...
##.####.##
##.####..
##..#..# ##.# #..
##...## ##..# #..


There were no monsters in sight!

Vanquished Creatures
  Grinder (Sewer)
  Eustachio (D:5)
  A water moccasin (D:5)
  2 phantoms
  A sky beast (D:6)
  An ogre (D:5)
  A big kobold (Sewer)
  A bullfrog (D:6)
  A vampire bat (D:3)
  3 crimson imps
  A bullfrog zombie (D:5)
  2 centaur skeletons (D:4)
  4 hounds
  3 worker ants
  6 big kobold zombies (Sewer)
  A worker ant zombie (D:5)
  4 gnolls (D:3)
  A howler monkey skeleton (D:5)
  9 adders
  A shadow imp (Sewer)
  2 ufetubi (Sewer)
  3 oozes
  An adder skeleton (D:5)
  2 worms
  2 dart slugs
  3 fire bats (D:3)
  A leopard gecko (D:4)
  3 orcs (D:5)
  2 spectral bats (D:3)
  17 bats
  3 bat skeletons (D:3)
  A bat zombie (D:3)
  7 giant cockroaches
  8 goblins
  6 hobgoblins
  9 jackals
  4 quokkas
  5 ball pythons
  A bat simulacrum (D:3)
  8 frilled lizards
  A giant cockroach zombie (Sewer)
  18 kobolds
  A kobold zombie (Sewer)
  7 rats
160 creatures vanquished.

Vanquished Creatures (collateral kills)
  A phantom (D:4)
  A wight (Sewer)
  A shadow imp (Sewer)
3 creatures vanquished.

Grand Total: 163 creatures vanquished

Notes
Turn   | Place    | Note
-------+----------+-------------------------------------------
     0 | D:1      | pk666 the Deep Elf Wizard began the quest for the Orb.
     0 | D:1      | Reached XP level 1. HP: 10/10 MP: 7/7
   406 | D:1      | Reached XP level 2. HP: 15/15 MP: 5/9
  1525 | D:2      | Reached XP level 3. HP: 19/19 MP: 3/11
  1529 | D:2      | Learned a level 2 spell: Blink
  1536 | D:2      | Learned a level 3 spell: Conjure Flame
  1540 | D:2      | Learned a level 3 spell: Mephitic Cloud
  1543 | D:2      | Learned a level 2 spell: Call Imp
  1689 | D:2      | Reached skill level 5 in Spellcasting
  2285 | D:2      | Found a stormy altar of Qazlal.
  2287 | D:2      | Noticed an earth elemental
  2288 | D:2      | Noticed a fire elemental
  2288 | D:2      | Noticed a water elemental
  2288 | D:2      | Noticed an air elemental
  2330 | D:2      | Reached XP level 4. HP: 24/24 MP: 8/13
  2374 | D:2      | Reached skill level 1 in Fire Magic
  2477 | D:2      | Found a bloodstained altar of Trog.
  2477 | D:2      | Found a shattered altar of Ashenzari.
  2477 | D:2      | Found a basalt altar of Yredelemnul.
  2715 | D:2      | Reached skill level 1 in Poison Magic
  3372 | D:3      | Reached skill level 1 in Air Magic
  3801 | D:3      | Reached XP level 5. HP: 28/28 MP: 11/14
  4526 | D:3      | Reached XP level 6. HP: 32/32 MP: 10/16
  4912 | D:4      | Reached skill level 6 in Spellcasting
  5326 | D:4      | Got a crude robe
  5337 | D:4      | Identified the cursed +0 robe "Uchaxt Xeos" {Dex+2} (You
                  | found it on level 4 of the Dungeon)
  5655 | D:4      | Reached XP level 7. HP: 33/36 MP: 5/19
  6123 | D:5      | Entered Level 5 of the Dungeon
  6151 | D:5      | Found a glowing drain.
  6172 | Sewer    | Entered a sewer
  6564 | Sewer    | Reached skill level 7 in Spellcasting
  6642 | Sewer    | Noticed Grinder
  6875 | Sewer    | Paralysed by Grinder for 2 turns
  6898 | Sewer    | Killed Grinder
  6898 | Sewer    | Reached skill level 5 in Conjurations
  7134 | Sewer    | Found an ancient bone altar of Kikubaaqudgha.
  7237 | Sewer    | Reached XP level 8. HP: 18/41 MP: 0/21
  7470 | Sewer    | Reached skill level 8 in Spellcasting
  7470 | Sewer    | Reached skill level 5 in Fire Magic
  7643 | D:5      | Found a sacrificial altar of Ru.
  7815 | D:5      | Found a staircase to the Ecumenical Temple.
  7827 | Temple   | Entered the Ecumenical Temple
  7862 | Temple   | Became a worshipper of Vehumet
  8997 | D:5      | Noticed Eustachio
  9007 | D:5      | Killed Eustachio
  9007 | D:5      | Reached skill level 9 in Spellcasting
  9846 | D:6      | Found a shadowy altar of Dithmenos.
 10127 | D:6      | Slain by a sky beast

Levels and vault maps discovered:
D:1:      sevenhm_arrival_forest_fort_small_6, layout_loops_corners
D:2:      layout_basic, gammafunk_temple_overflow_claw,
          nicolae_qazlal_style_of_elements
D:3:      layout_basic, goddamned_bats
D:4:      layout_cave_pods, first_ration
D:5:      layout_gridville, lemuel_doored_altar,
          minmay_temple_entry_statues_fountains, cheibrodos_sewer_entry_drain,
          chequers_serial_rivers_small_a, uniq_eustachio
D:6:      layout_layer_cave, basic_altar
Temple:   regret_index_temple_sphere_string

Skill      XL: |  1  2  3  4  5  6  7  8 |
---------------+-------------------------+-----
Dodging        | 3 |  3.2
Conjurations   | 2 3 4 5 7 |  7.0
Spellcasting   | 5 6 7 9 |  9.3
Fire Magic     | 1 2 3 4 6 |  6.5
Poison Magic   | 1 2 |  2.0
Air Magic      | 1 2 |  2.0
Summonings     | 2 |  2.0
Stealth        | |  2.4
Translocations | |  1.1

Action                   |  1- 3 |  4- 6 |  7- 9 || total
-------------------------+-------+-------+-------++-------
Melee: Unarmed           |     1 |       |       ||     1
       Dagger            |       |       |     4 ||     4
 Cast: Magic Dart        |   103 |   187 |   300 ||   590
       Call Imp          |       |     2 |     4 ||     6
       Conjure Flame     |       |     1 |     7 ||     8
       Mephitic Cloud    |       |       |     3 ||     3
Evoke: Wand              |       |       |     6 ||     6
  Use: Scroll            |       |       |     5 ||     5
  Eat: Chunk             |     4 |    10 |     9 ||    23
       Ration            |       |       |     1 ||     1
Armor: Robe              |     4 |    12 |    19 ||    35
Dodge: Dodged            |    11 |    50 |    56 ||   117

Table legend:
 A = Non-vault XP
 B = Vault XP
 C = Vault XP percentage of total XP
 D = Non-vault monster count
 E = Vault monster count
 F = Vault count percentage of total count
                 A         B        C        D         E       F
            +---------+---------+-------+---------+---------+-------
      Total |    1598 |    1123 |  41.3 |     103 |      60 |  36.8
            +---------+---------+-------+---------+---------+-------
        D:1 |      37 |       0 |   0.0 |      19 |       0 |   0.0
        D:2 |     114 |       0 |   0.0 |      32 |       0 |   0.0
        D:3 |     111 |     178 |  61.6 |      16 |      20 |  55.6
        D:4 |     414 |       0 |   0.0 |      10 |       0 |   0.0
        D:5 |     622 |     195 |  23.9 |      20 |       5 |  20.0
        D:6 |     300 |       0 |   0.0 |       6 |       0 |   0.0
      Sewer |       0 |     750 | 100.0 |       0 |      35 | 100.0
            +---------+---------+-------+---------+---------+-------
